[ AOE2 MATCH · #483166605 ]
UnrankedBurgundians vs Celts
[ REPLAY ANALYSIS · EXTRACTED FROM THE RECORDED GAME ]
Feudal
11:59
Castle
19:43
Imperial
46:45
| APM avg | 19.0 |
| APM peak | 42 |
| eAPM avg | 12.2 |
| Villagers / military | 71 / 137 |
Focus
⚔️ 40.6% · 🌾 59.4%
Spearman ×63 · Knight ×41 · Scorpion ×14 · Skirmisher ×13 · Battering Ram ×6
Feudal
—
Castle
—
Imperial
—
| APM avg | 20.5 |
| APM peak | 49 |
| eAPM avg | 14.8 |
| Villagers / military | 100 / 248 |
Focus
⚔️ 50.7% · 🌾 49.3%
Spearman ×69 · Woad Raider ×69 · Militia ×52 · Scorpion ×25 · Archer ×18 · Battering Ram ×9
Feudal
13:17
Castle
17:20
Imperial
30:25
| APM avg | 14.0 |
| APM peak | 35 |
| eAPM avg | 10.6 |
| Villagers / military | 199 / 153 |
Focus
⚔️ 23.2% · 🌾 76.8%
Teutonic Knight ×65 · Knight ×63 · Spearman ×10 · Trebuchet (Packed) ×9 · Battering Ram ×3 · Petard ×2
Feudal
—
Castle
—
Imperial
—
| APM avg | 22.9 |
| APM peak | 67 |
| eAPM avg | 13.6 |
| Villagers / military | 137 / 195 |
Focus
⚔️ 29.3% · 🌾 70.7%
Scout Cavalry ×145 · Knight ×45 · Trebuchet (Packed) ×3 · Monk ×2
Feudal
11:38
Castle
21:18
Imperial
36:17
| APM avg | 16.4 |
| APM peak | 34 |
| eAPM avg | 11.6 |
| Villagers / military | 109 / 140 |
Focus
⚔️ 28.1% · 🌾 71.9%
Skirmisher ×66 · Magyar Huszar ×34 · Spearman ×20 · Knight ×10 · Battering Ram ×6 · Cavalry Archer ×2
Feudal
12:04
Castle
23:59
Imperial
38:44
| APM avg | 31.9 |
| APM peak | 82 |
| eAPM avg | 16.7 |
| Villagers / military | 104 / 387 |
Focus
⚔️ 37.9% · 🌾 62.1%
Militia ×185 · Spearman ×146 · Huskarl ×41 · Skirmisher ×14 · Monk ×1
Feudal
13:15
Castle
22:34
Imperial
—
| APM avg | 16.9 |
| APM peak | 54 |
| eAPM avg | 10.3 |
| Villagers / military | 94 / 62 |
Focus
⚔️ 28.4% · 🌾 71.6%
Spearman ×44 · Militia ×8 · Archer ×7 · Skirmisher ×2 · Battering Ram ×1
Feudal
11:25
Castle
18:05
Imperial
34:46
| APM avg | 33.3 |
| APM peak | 103 |
| eAPM avg | 14.3 |
| Villagers / military | 139 / 180 |
Focus
⚔️ 28.8% · 🌾 71.2%
Kamayuk ×172 · Trebuchet (Packed) ×5 · Battering Ram ×2 · Monk ×1
Match map
Initial resources + every placement click. Lines = walls · curves = elevation contours. ◆ gold · ⬟ stone · ● berries · ✦ relic · ◌ wall gap
Your base· Open — unwalled flank
Elbarbas4258's base· ✓ Closed at 17:17 · 0t walls · 2 gate(s)
dmessruther's base· ✓ Closed at 17:20 · 0t walls · 2 gate(s)
Admiral Electra's base· ✓ Closed at 15:00 · 0t walls · 2 gate(s)
Winnie The Pooh's base· ✓ Closed at 21:18 · 0t walls · 2 gate(s)
Shaba7's base· ✓ Closed at 23:59 · 0t walls · 2 gate(s)
Ahnta's base· ✓ Closed at 22:34 · 0t walls · 2 gate(s)
Espartano99's base· ✓ Closed at 18:05 · 0t walls · 2 gate(s)
Smoothed initial terrain · ◌ = detected wall gap · hover for details
Inputs per minute
— l.marcelocamargo - - Elbarbas4258
Build order — l.marcelocamargo
First 150 of 300 actions detected
| 0:07 | Create | Villager (Male) |
| 0:07 | Create | Villager (Male) |
| 0:08 | Create | Villager (Male) |
| 0:08 | Create | Villager (Male) |
| 0:08 | Create | Villager (Male) |
| 0:09 | Create | Villager (Male) |
| 0:12 | Build | House |
| 0:14 | Build | House |
| 1:45 | Create | Villager (Male) |
| 1:45 | Create | Villager (Male) |
| 1:45 | Create | Villager (Male) |
| 1:59 | Build | Lumber Camp |
| 2:28 | Create | Villager (Male) |
| 2:28 | Create | Villager (Male) |
| 2:28 | Create | Villager (Male) |
| 2:29 | Create | Villager (Male) |
| 2:29 | Create | Villager (Male) |
| 3:38 | Create | Villager (Male) |
| 3:38 | Create | Villager (Male) |
| 3:39 | Create | Villager (Male) |
| 3:58 | Create | Villager (Male) |
| 3:59 | Create | Villager (Male) |
| 4:11 | Build | House |
| 4:13 | Build | House |
| 4:42 | Create | Villager (Male) |
| 4:43 | Create | Villager (Male) |
| 4:43 | Create | Villager (Male) |
| 4:56 | Create | Villager (Male) |
| 4:56 | Create | Villager (Male) |
| 4:57 | Create | Villager (Male) |
| 5:14 | Build | Mill |
| 5:38 | Create | Villager (Male) |
| 5:40 | Create | Villager (Male) |
| 6:10 | Create | Villager (Male) |
| 7:07 | Create | Villager (Male) |
| 7:30 | Create | Villager (Male) |
| 7:55 | Create | Villager (Male) |
| 8:40 | Create | Villager (Male) |
| 9:17 | Create | Villager (Male) |
| 9:33 | Build | House |
| 9:35 | Build | House |
| 9:49 | Research | Feudal Age |
| 9:59 | Build | Mining Camp |
| 10:12 | Build | Lumber Camp |
| 10:30 | Build | Barracks |
| 10:45 | Create | Villager (Male) |
| 10:45 | Create | Villager (Male) |
| 10:46 | Create | Villager (Male) |
| 10:46 | Create | Villager (Male) |
| 10:47 | Create | Villager (Male) |
| 10:47 | Create | Villager (Male) |
| 10:47 | Create | Villager (Male) |
| 10:54 | Research | Double-Bit Axe |
| 11:04 | Research | Gold Mining |
| 11:40 | Create | Villager (Male) |
| 11:59 | Age | Feudal Age |
| 12:01 | Build | Blacksmith |
| 12:11 | Create | Villager (Male) |
| 12:30 | Build | Farm |
| 13:04 | Build | Farm |
| 13:25 | Build | Market |
| 13:42 | Build | Farm |
| 13:45 | Build | Farm |
| 13:50 | Create | Villager (Male) |
| 13:57 | Build | House |
| 14:14 | Build | Farm |
| 14:17 | Build | Farm |
| 14:17 | Build | Farm |
| 14:17 | Build | Farm |
| 14:42 | Build | Farm |
| 15:11 | Build | Farm |
| 15:21 | Create | Villager (Male) |
| 15:54 | Create | Villager (Male) |
| 16:18 | Build | Farm |
| 17:00 | Create | Villager (Male) |
| 17:03 | Research | Castle Age |
| 17:04 | Research | Castle Age |
| 17:04 | Research | Castle Age |
| 17:39 | Build | Farm |
| 17:40 | Build | Farm |
| 18:03 | Research | Bow Saw |
| 18:14 | Build | Stable |
| 18:20 | Build | Mining Camp |
| 18:27 | Build | Farm |
| 18:29 | Create | Villager (Male) |
| 18:30 | Create | Villager (Male) |
| 18:30 | Create | Villager (Male) |
| 18:30 | Create | Villager (Male) |
| 18:31 | Create | Villager (Male) |
| 19:27 | Build | Archery Range |
| 19:43 | Age | Castle Age |
| 19:45 | Research | Gold Shaft Mining |
| 20:01 | Build | Town Center |
| 20:13 | Research | Cavalier (upgrade) |
| 20:37 | Create | Knight |
| 20:49 | Build | Stable |
| 20:49 | Build | Stable |
| 20:53 | Research | Pikeman (upgrade) |
| 21:00 | Create | Villager (Male) |
| 21:00 | Create | Villager (Male) |
| 21:35 | Create | Knight |
| 21:39 | Research | Scale Barding Armor |
| 21:50 | Create | Villager (Male) |
| 21:50 | Create | Villager (Male) |
| 21:58 | Build | House |
| 22:00 | Build | House |
| 22:03 | Research | Forging |
| 22:23 | Create | Knight |
| 22:40 | Create | Spearman ×4 |
| 22:47 | Build | Farm |
| 23:30 | Create | Knight |
| 23:32 | Create | Knight |
| 23:38 | Build | Farm |
| 23:43 | Build | Farm |
| 23:45 | Create | Villager (Male) |
| 23:46 | Create | Villager (Male) |
| 24:01 | Create | Skirmisher |
| 24:02 | Create | Skirmisher |
| 24:02 | Create | Skirmisher |
| 24:02 | Create | Skirmisher |
| 24:07 | Create | Skirmisher |
| 24:43 | Create | Knight |
| 24:47 | Create | Knight |
| 24:55 | Create | Spearman |
| 24:59 | Create | Knight |
| 25:59 | Create | Knight |
| 26:07 | Create | Spearman |
| 26:07 | Create | Spearman |
| 26:09 | Create | Knight |
| 26:10 | Create | Knight |
| 26:14 | Build | House |
| 26:15 | Build | House |
| 26:22 | Create | Villager (Male) |
| 26:22 | Create | Villager (Male) |
| 26:27 | Research | Wheelbarrow |
| 26:57 | Build | Siege Workshop |
| 27:09 | Build | Castle |
| 27:17 | Create | Knight |
| 27:19 | Create | Spearman |
| 27:19 | Create | Spearman |
| 27:22 | Create | Knight |
| 27:23 | Create | Knight |
| 27:29 | Create | Villager (Male) |
| 27:29 | Create | Villager (Male) |
| 28:13 | Create | Knight |
| 28:15 | Create | Knight |
| 29:00 | Create | Spearman |
| 29:01 | Create | Spearman |
| 29:01 | Create | Skirmisher |
| 29:02 | Create | Skirmisher |
Build order — Elbarbas4258
First 150 of 490 actions detected
| 0:03 | Create | Villager (Male) |
| 0:04 | Create | Villager (Male) |
| 0:04 | Create | Villager (Male) |
| 0:04 | Create | Villager (Male) |
| 0:04 | Create | Villager (Male) |
| 0:09 | Build | House |
| 0:14 | Build | House |
| 1:02 | Build | Lumber Camp |
| 1:50 | Create | Villager (Male) |
| 2:23 | Create | Villager (Male) |
| 2:45 | Create | Villager (Male) |
| 3:41 | Build | House |
| 4:20 | Create | Villager (Male) |
| 4:20 | Create | Villager (Male) |
| 4:47 | Create | Villager (Male) |
| 5:05 | Build | Mill |
| 5:24 | Create | Villager (Male) |
| 5:26 | Create | Villager (Male) |
| 6:04 | Create | Villager (Male) |
| 6:15 | Create | Villager (Male) |
| 6:32 | Create | Villager (Male) |
| 6:55 | Build | House |
| 7:25 | Create | Villager (Male) |
| 8:01 | Build | House |
| 8:05 | Create | Villager (Male) |
| 8:19 | Create | Villager (Male) |
| 8:57 | Create | Villager (Male) |
| 9:05 | Build | Mining Camp |
| 9:29 | Create | Villager (Male) |
| 9:48 | Research | Feudal Age |
| 11:47 | Build | Mill |
| 12:01 | Create | Villager (Male) |
| 12:33 | Create | Villager (Male) |
| 12:34 | Create | Villager (Male) |
| 12:46 | Build | Market |
| 12:51 | Create | Villager (Male) |
| 13:07 | Build | Blacksmith |
| 13:32 | Build | House |
| 13:45 | Create | Villager (Male) |
| 13:54 | Build | Farm |
| 14:10 | Build | Farm |
| 14:19 | Create | Villager (Male) |
| 14:26 | Build | Farm |
| 14:48 | Build | Farm |
| 14:50 | Build | Farm |
| 14:51 | Build | Farm |
| 14:53 | Build | Farm |
| 14:54 | Build | Farm |
| 14:56 | Build | Farm |
| 14:57 | Build | Farm |
| 15:06 | Build | Farm |
| 15:07 | Build | Farm |
| 15:08 | Build | Farm |
| 15:17 | Build | Mining Camp |
| 15:19 | Create | Villager (Male) |
| 15:20 | Create | Villager (Male) |
| 15:48 | Create | Villager (Male) |
| 16:19 | Build | House |
| 16:35 | Create | Villager (Male) |
| 17:13 | Create | Villager (Male) |
| 17:17 | Research | Castle Age |
| 17:47 | Research | Stone Mining |
| 17:49 | Research | Gold Mining |
| 17:53 | Research | Horse Collar |
| 18:03 | Research | Double-Bit Axe |
| 18:42 | Build | Farm |
| 18:46 | Build | Farm |
| 18:47 | Build | Farm |
| 18:50 | Build | Farm |
| 19:31 | Research | Wheelbarrow |
| 19:31 | Create | Villager (Male) |
| 20:06 | Build | Town Center |
| 20:59 | Create | Villager (Male) |
| 21:00 | Create | Villager (Male) |
| 21:00 | Create | Villager (Male) |
| 21:00 | Create | Villager (Male) |
| 21:07 | Create | Villager (Male) |
| 21:13 | Create | Villager (Male) |
| 21:37 | Build | Town Center |
| 21:50 | Create | Villager (Male) |
| 22:00 | Create | Villager (Male) |
| 22:04 | Create | Villager (Male) |
| 22:11 | Create | Villager (Male) |
| 22:20 | Create | Villager (Male) |
| 22:25 | Create | Villager (Male) |
| 22:43 | Build | Town Center |
| 22:48 | Create | Villager (Male) |
| 22:49 | Create | Villager (Male) |
| 22:49 | Create | Villager (Male) |
| 22:49 | Create | Villager (Male) |
| 22:53 | Create | Villager (Male) |
| 22:56 | Create | Villager (Male) |
| 22:57 | Create | Villager (Male) |
| 23:03 | Create | Villager (Male) |
| 23:07 | Research | Hand Cart |
| 23:08 | Create | Villager (Male) |
| 23:21 | Build | House |
| 23:23 | Build | House |
| 23:24 | Build | House |
| 23:25 | Build | House |
| 23:27 | Build | House |
| 23:28 | Build | House |
| 23:30 | Build | House |
| 23:32 | Build | House |
| 23:44 | Create | Villager (Male) |
| 23:47 | Create | Villager (Male) |
| 23:48 | Create | Villager (Male) |
| 23:51 | Create | Villager (Male) |
| 24:08 | Create | Villager (Male) |
| 24:13 | Build | Farm |
| 24:35 | Build | Castle |
| 24:56 | Build | Farm |
| 24:59 | Create | Villager (Male) |
| 25:10 | Build | Farm |
| 25:11 | Build | Farm |
| 25:12 | Build | Farm |
| 25:13 | Build | Farm |
| 25:14 | Build | Farm |
| 25:23 | Build | Farm |
| 25:29 | Create | Villager (Male) |
| 25:29 | Create | Villager (Male) |
| 25:33 | Build | Farm |
| 25:35 | Create | Villager (Male) |
| 25:35 | Create | Villager (Male) |
| 25:38 | Create | Villager (Male) |
| 25:38 | Create | Villager (Male) |
| 25:42 | Create | Villager (Male) |
| 25:43 | Create | Villager (Male) |
| 25:43 | Create | Villager (Male) |
| 25:59 | Build | Farm |
| 26:01 | Create | Villager (Male) |
| 26:04 | Create | Villager (Male) |
| 26:07 | Create | Villager (Male) |
| 26:07 | Create | Villager (Male) |
| 26:11 | Create | Villager (Male) |
| 26:11 | Create | Villager (Male) |
| 26:11 | Create | Villager (Male) |
| 26:12 | Create | Villager (Male) |
| 26:17 | Build | Farm |
| 26:21 | Build | Farm |
| 26:26 | Build | Farm |
| 26:31 | Research | Bow Saw |
| 26:35 | Build | Farm |
| 26:50 | Build | Farm |
| 26:56 | Build | Farm |
| 27:18 | Build | Barracks |
| 27:26 | Build | Farm |
| 27:29 | Create | Villager (Male) |
| 27:29 | Create | Villager (Male) |
| 27:30 | Create | Villager (Male) |
Build order — dmessruther
First 150 of 338 actions detected
| 0:05 | Build | House |
| 0:13 | Create | Villager (Male) |
| 0:13 | Create | Villager (Male) |
| 0:13 | Create | Villager (Male) |
| 0:13 | Create | Villager (Male) |
| 0:14 | Create | Villager (Male) |
| 1:19 | Create | Villager (Male) |
| 1:19 | Create | Villager (Male) |
| 2:03 | Create | Villager (Male) |
| 2:03 | Create | Villager (Male) |
| 2:43 | Create | Villager (Male) |
| 2:51 | Build | House |
| 2:55 | Build | House |
| 3:06 | Research | Loom |
| 3:07 | Create | Villager (Male) |
| 3:07 | Create | Villager (Male) |
| 3:07 | Create | Villager (Male) |
| 3:36 | Create | Villager (Male) |
| 3:37 | Create | Villager (Male) |
| 4:15 | Build | Lumber Camp |
| 4:20 | Create | Villager (Male) |
| 4:28 | Build | House |
| 4:30 | Build | House |
| 4:43 | Create | Villager (Male) |
| 6:07 | Create | Villager (Male) |
| 6:07 | Create | Villager (Male) |
| 6:07 | Create | Villager (Male) |
| 7:07 | Build | Mill |
| 7:10 | Create | Villager (Male) |
| 7:33 | Create | Villager (Male) |
| 7:33 | Create | Villager (Male) |
| 8:22 | Create | Villager (Male) |
| 8:22 | Create | Villager (Male) |
| 8:45 | Build | Mill |
| 8:52 | Create | Villager (Male) |
| 8:52 | Create | Villager (Male) |
| 9:13 | Build | Farm |
| 9:17 | Build | Farm |
| 9:20 | Build | Farm |
| 9:29 | Build | Farm |
| 9:37 | Create | Villager (Male) |
| 9:37 | Create | Villager (Male) |
| 9:42 | Build | Farm |
| 9:48 | Build | Farm |
| 9:55 | Build | Farm |
| 9:57 | Build | Farm |
| 9:58 | Build | Farm |
| 10:04 | Build | Mining Camp |
| 10:41 | Build | Farm |
| 10:46 | Build | Farm |
| 10:51 | Build | Farm |
| 11:05 | Research | Feudal Age |
| 13:17 | Age | Feudal Age |
| 13:20 | Research | Wheelbarrow |
| 13:33 | Build | Market |
| 13:57 | Build | Blacksmith |
| 14:03 | Research | Double-Bit Axe |
| 14:20 | Research | Horse Collar |
| 14:40 | Research | Castle Age |
| 14:59 | Build | Lumber Camp |
| 16:58 | Research | Gold Mining |
| 17:20 | Age | Castle Age |
| 17:22 | Research | Hand Cart |
| 17:24 | Research | Bow Saw |
| 17:41 | Build | Town Center |
| 18:25 | Create | Villager (Male) |
| 18:26 | Create | Villager (Male) |
| 18:26 | Create | Villager (Male) |
| 18:27 | Create | Villager (Male) |
| 18:27 | Create | Villager (Male) |
| 19:01 | Build | House |
| 19:05 | Build | House |
| 19:10 | Build | House |
| 19:14 | Create | Villager (Male) ×5 |
| 20:08 | Create | Villager (Male) |
| 20:08 | Create | Villager (Male) |
| 20:31 | Build | House |
| 20:32 | Build | House |
| 20:34 | Build | House |
| 20:39 | Build | House |
| 20:42 | Create | Villager (Male) |
| 20:43 | Create | Villager (Male) |
| 20:46 | Create | Villager (Male) |
| 20:46 | Create | Villager (Male) |
| 21:03 | Build | Farm |
| 21:24 | Create | Villager (Male) |
| 21:24 | Create | Villager (Male) |
| 21:24 | Create | Villager (Male) |
| 21:24 | Create | Villager (Male) |
| 21:38 | Build | Farm |
| 21:40 | Build | Farm |
| 21:43 | Build | Farm |
| 21:46 | Build | Town Center |
| 22:24 | Build | Farm |
| 22:29 | Build | Farm |
| 22:32 | Build | Farm |
| 22:35 | Build | Farm |
| 22:39 | Build | Town Center |
| 23:11 | Build | Town Center |
| 23:23 | Create | Villager (Male) |
| 23:24 | Create | Villager (Male) |
| 23:24 | Create | Villager (Male) |
| 23:24 | Create | Villager (Male) |
| 23:24 | Create | Villager (Male) |
| 23:48 | Build | House |
| 23:50 | Build | House |
| 23:52 | Build | House |
| 24:08 | Build | University |
| 24:20 | Create | Villager (Male) |
| 24:20 | Create | Villager (Male) |
| 24:21 | Create | Villager (Male) |
| 24:21 | Create | Villager (Male) |
| 24:21 | Create | Villager (Male) |
| 24:52 | Create | Villager (Male) |
| 24:53 | Create | Villager (Male) |
| 24:53 | Create | Villager (Male) |
| 24:53 | Create | Villager (Male) |
| 24:54 | Create | Villager (Male) |
| 24:59 | Build | Farm |
| 25:18 | Build | Monastery |
| 25:22 | Create | Villager (Male) |
| 25:23 | Create | Villager (Male) |
| 25:23 | Create | Villager (Male) |
| 25:23 | Create | Villager (Male) |
| 25:23 | Create | Villager (Male) |
| 25:24 | Create | Villager (Male) |
| 25:24 | Create | Villager (Male) |
| 25:24 | Create | Villager (Male) |
| 25:25 | Create | Villager (Male) |
| 25:42 | Build | Farm |
| 25:52 | Build | Farm |
| 25:54 | Build | Farm |
| 25:59 | Build | Farm |
| 26:02 | Create | Villager (Male) |
| 26:02 | Create | Villager (Male) |
| 26:02 | Create | Villager (Male) |
| 26:03 | Create | Villager (Male) |
| 26:03 | Create | Villager (Male) |
| 26:03 | Create | Villager (Male) |
| 26:03 | Create | Villager (Male) |
| 26:04 | Create | Villager (Male) |
| 26:12 | Build | House |
| 26:14 | Build | House |
| 26:17 | Build | House |
| 26:20 | Create | Villager (Male) |
| 26:20 | Create | Villager (Male) |
| 26:22 | Create | Villager (Male) |
| 26:23 | Create | Villager (Male) |
| 26:26 | Build | Farm |
| 26:29 | Build | Farm |
Build order — Admiral Electra
First 150 of 309 actions detected
| 0:02 | Create | Villager (Male) ×4 |
| 0:04 | Build | House |
| 0:08 | Build | House |
| 1:35 | Create | Villager (Male) |
| 1:57 | Create | Villager (Male) |
| 2:25 | Create | Villager (Male) |
| 2:52 | Create | Villager (Male) |
| 3:14 | Build | House |
| 3:21 | Create | Villager (Male) ×2 |
| 3:33 | Build | Lumber Camp |
| 4:03 | Create | Villager (Male) ×2 |
| 4:29 | Create | Villager (Male) |
| 5:06 | Create | Villager (Male) |
| 5:06 | Research | Loom |
| 5:24 | Build | Mill |
| 5:51 | Create | Villager (Male) |
| 6:07 | Build | House |
| 6:09 | Build | House |
| 6:23 | Create | Villager (Male) ×2 |
| 7:01 | Create | Villager (Male) ×5 |
| 7:30 | Create | Villager (Male) |
| 7:53 | Create | Villager (Male) ×2 |
| 8:31 | Create | Villager (Male) ×4 |
| 9:15 | Create | Villager (Male) |
| 9:30 | Research | Feudal Age |
| 10:00 | Build | House |
| 10:12 | Build | Mining Camp |
| 11:03 | Build | Mining Camp |
| 11:58 | Create | Villager (Male) |
| 11:58 | Create | Villager (Male) |
| 12:36 | Create | Villager (Male) |
| 12:37 | Create | Villager (Male) |
| 13:11 | Research | Double-Bit Axe |
| 13:22 | Build | Blacksmith |
| 13:26 | Build | Market |
| 13:33 | Build | Lumber Camp |
| 14:01 | Research | Horse Collar |
| 14:06 | Create | Villager (Male) |
| 14:07 | Create | Villager (Male) |
| 14:08 | Research | Loom |
| 15:00 | Research | Castle Age |
| 15:37 | Build | Farm |
| 15:38 | Build | Farm |
| 15:41 | Build | Farm |
| 15:42 | Build | Farm |
| 15:43 | Build | Farm |
| 15:44 | Build | Farm |
| 15:59 | Build | Farm |
| 16:04 | Build | Farm |
| 16:11 | Build | Farm |
| 16:16 | Research | Gold Mining |
| 16:50 | Build | Farm |
| 16:56 | Research | Stone Mining |
| 17:09 | Build | House |
| 17:12 | Build | House |
| 17:34 | Create | Villager (Male) ×2 |
| 18:16 | Research | Bow Saw |
| 18:33 | Build | Town Center |
| 18:44 | Build | Town Center |
| 18:55 | Create | Villager (Male) ×3 |
| 19:29 | Create | Villager (Male) |
| 19:31 | Create | Villager (Male) |
| 19:41 | Build | Town Center |
| 19:56 | Build | Farm |
| 20:02 | Build | Farm |
| 20:08 | Create | Villager (Male) |
| 20:08 | Create | Villager (Male) |
| 20:18 | Create | Villager (Male) |
| 20:24 | Build | Farm |
| 20:31 | Build | Farm |
| 20:38 | Create | Villager (Male) |
| 20:56 | Build | Farm |
| 21:04 | Create | Villager (Male) ×2 |
| 21:09 | Build | Farm |
| 21:21 | Create | Villager (Male) |
| 21:23 | Create | Villager (Male) |
| 21:31 | Build | Farm |
| 21:35 | Create | Villager (Male) |
| 21:44 | Build | Mill |
| 21:44 | Build | Farm |
| 21:45 | Build | Farm |
| 21:46 | Build | Farm |
| 21:46 | Build | Farm |
| 21:52 | Create | Villager (Male) |
| 21:54 | Create | Villager (Male) |
| 22:00 | Create | Villager (Male) |
| 22:11 | Build | Farm |
| 22:15 | Build | Farm |
| 22:17 | Build | Farm |
| 22:18 | Build | Farm |
| 22:27 | Create | Villager (Male) |
| 22:29 | Create | Villager (Male) |
| 22:30 | Create | Villager (Male) |
| 22:37 | Create | Villager (Male) |
| 22:46 | Build | House |
| 22:56 | Build | House |
| 23:08 | Create | Villager (Male) ×3 |
| 23:14 | Build | House |
| 23:18 | Build | House |
| 23:19 | Build | House |
| 23:31 | Build | House |
| 23:41 | Build | University |
| 23:52 | Build | Monastery |
| 24:04 | Create | Villager (Male) ×9 |
| 24:10 | Build | Mill |
| 24:12 | Build | Farm |
| 24:12 | Build | Farm |
| 24:12 | Build | Farm |
| 24:12 | Build | Farm |
| 24:13 | Build | Farm |
| 24:13 | Build | Farm |
| 24:14 | Build | Farm |
| 24:15 | Build | Farm |
| 24:21 | Build | Lumber Camp |
| 24:39 | Research | Fletching |
| 24:49 | Create | Villager (Male) ×5 |
| 25:06 | Build | Mill |
| 25:08 | Build | Farm |
| 25:08 | Build | Farm |
| 25:08 | Build | Farm |
| 25:09 | Build | Farm |
| 25:10 | Build | Farm |
| 25:11 | Build | Farm |
| 25:17 | Research | Forging |
| 25:53 | Create | Villager (Male) ×8 |
| 26:00 | Build | Farm |
| 26:01 | Build | Farm |
| 26:02 | Build | Farm |
| 26:02 | Build | Farm |
| 26:02 | Build | Farm |
| 26:03 | Build | Farm |
| 26:03 | Build | Farm |
| 26:03 | Build | Farm |
| 26:03 | Build | Farm |
| 26:18 | Build | House |
| 26:20 | Build | House |
| 26:20 | Build | House |
| 26:23 | Build | House |
| 26:25 | Build | House |
| 26:29 | Build | House |
| 26:31 | Build | House |
| 26:32 | Build | House |
| 26:37 | Research | Iron Casting |
| 26:38 | Research | Scale Barding Armor |
| 26:46 | Create | Villager (Male) ×4 |
| 26:56 | Research | Ballistics |
| 26:57 | Research | Masonry |
| 27:21 | Create | Monk |
| 27:30 | Create | Villager (Male) ×9 |
| 27:41 | Build | Mining Camp |
Build order — Winnie The Pooh
First 150 of 312 actions detected
| 0:06 | Build | House |
| 0:10 | Build | House |
| 0:10 | Create | Villager (Male) |
| 0:11 | Create | Villager (Male) |
| 0:11 | Create | Villager (Male) |
| 0:11 | Create | Villager (Male) |
| 0:11 | Create | Villager (Male) |
| 1:41 | Create | Villager (Male) |
| 2:25 | Create | Villager (Male) |
| 2:25 | Create | Villager (Male) |
| 2:55 | Build | Lumber Camp |
| 3:12 | Create | Villager (Male) |
| 3:30 | Create | Villager (Male) |
| 3:30 | Create | Villager (Male) |
| 4:36 | Create | Villager (Male) |
| 4:36 | Create | Villager (Male) |
| 4:58 | Build | House |
| 4:59 | Build | House |
| 5:19 | Create | Villager (Male) |
| 5:22 | Create | Villager (Male) |
| 5:34 | Research | Loom |
| 5:35 | Create | Villager (Male) |
| 5:36 | Create | Villager (Male) |
| 5:36 | Create | Villager (Male) |
| 6:26 | Build | Mill |
| 6:31 | Create | Villager (Male) |
| 6:39 | Build | Lumber Camp |
| 7:10 | Create | Villager (Male) |
| 7:10 | Create | Villager (Male) |
| 7:22 | Build | House |
| 7:51 | Create | Villager (Male) |
| 7:52 | Create | Villager (Male) |
| 7:54 | Create | Villager (Male) |
| 8:09 | Build | Farm |
| 9:22 | Build | Mill |
| 9:28 | Research | Feudal Age |
| 10:09 | Build | Mining Camp |
| 10:17 | Build | Farm |
| 10:24 | Build | Farm |
| 10:28 | Build | Farm |
| 10:52 | Build | Farm |
| 11:16 | Create | Villager (Male) |
| 11:16 | Create | Villager (Male) |
| 11:16 | Create | Villager (Male) |
| 11:22 | Create | Villager (Male) |
| 11:38 | Age | Feudal Age |
| 12:07 | Build | Barracks |
| 12:28 | Create | Villager (Male) |
| 12:28 | Create | Villager (Male) |
| 12:31 | Research | Double-Bit Axe |
| 12:49 | Build | Blacksmith |
| 12:57 | Create | Villager (Male) |
| 12:57 | Create | Villager (Male) |
| 13:29 | Research | Horse Collar |
| 13:43 | Build | House |
| 13:45 | Build | House |
| 14:20 | Create | Villager (Male) |
| 14:21 | Create | Villager (Male) |
| 14:59 | Build | Stable |
| 15:10 | Build | Farm |
| 15:11 | Build | Farm |
| 15:17 | Build | Farm |
| 15:18 | Build | Farm |
| 15:27 | Build | Farm |
| 15:31 | Create | Villager (Male) |
| 15:31 | Create | Villager (Male) |
| 15:58 | Build | Farm |
| 16:10 | Build | Farm |
| 16:17 | Build | Mining Camp |
| 16:21 | Create | Villager (Male) |
| 16:21 | Create | Villager (Male) |
| 16:59 | Research | Gold Mining |
| 17:15 | Research | Stone Mining |
| 17:43 | Build | House |
| 17:44 | Build | House |
| 17:45 | Build | House |
| 17:48 | Create | Villager (Male) |
| 17:48 | Create | Villager (Male) |
| 18:01 | Build | Farm |
| 18:03 | Build | Farm |
| 18:26 | Research | Castle Age |
| 18:39 | Build | Stable |
| 18:51 | Build | Archery Range |
| 19:13 | Build | Lumber Camp |
| 19:34 | Research | Fletching |
| 19:35 | Research | Scale Barding Armor |
| 19:42 | Research | Bloodlines |
| 20:27 | Build | Stable |
| 21:18 | Age | Castle Age |
| 21:28 | Create | Villager (Male) |
| 21:28 | Create | Villager (Male) |
| 21:29 | Create | Villager (Male) |
| 21:29 | Create | Villager (Male) |
| 22:13 | Build | Castle |
| 22:21 | Research | Husbandry |
| 22:28 | Create | Knight |
| 22:29 | Create | Knight |
| 22:35 | Create | Knight |
| 22:35 | Create | Knight |
| 22:45 | Create | Villager (Male) |
| 22:45 | Create | Villager (Male) |
| 22:45 | Create | Villager (Male) |
| 22:56 | Build | Town Center |
| 23:34 | Create | Cavalry Archer |
| 23:34 | Create | Cavalry Archer |
| 24:02 | Build | Mining Camp |
| 24:16 | Create | Villager (Male) |
| 24:16 | Create | Villager (Male) |
| 24:20 | Create | Villager (Male) |
| 24:20 | Create | Villager (Male) |
| 24:21 | Create | Villager (Male) |
| 24:21 | Create | Villager (Male) |
| 24:34 | Build | Farm |
| 24:35 | Build | Farm |
| 24:41 | Build | Farm |
| 25:11 | Research | Heavy Plow |
| 25:24 | Research | Corvinian Army |
| 25:48 | Create | Villager (Male) |
| 25:48 | Create | Villager (Male) |
| 25:48 | Create | Villager (Male) |
| 25:52 | Research | Wheelbarrow |
| 26:03 | Research | Chain Barding Armor |
| 26:21 | Create | Magyar Huszar |
| 26:21 | Create | Magyar Huszar |
| 26:45 | Build | Mill |
| 26:56 | Create | Villager (Male) |
| 26:59 | Create | Villager (Male) |
| 26:59 | Create | Villager (Male) |
| 27:07 | Build | Farm |
| 27:13 | Build | Farm |
| 27:16 | Build | Farm |
| 27:19 | Build | Farm |
| 27:22 | Build | Farm |
| 27:25 | Build | Farm |
| 27:34 | Build | Farm |
| 27:37 | Create | Villager (Male) |
| 27:38 | Create | Villager (Male) |
| 27:41 | Research | Bow Saw |
| 29:02 | Build | Castle |
| 29:28 | Build | Siege Workshop |
| 29:32 | Build | Siege Workshop |
| 30:08 | Create | Villager (Male) |
| 30:08 | Create | Villager (Male) |
| 30:08 | Create | Villager (Male) |
| 30:11 | Create | Villager (Male) |
| 30:12 | Create | Villager (Male) |
| 30:12 | Create | Villager (Male) |
| 30:12 | Create | Villager (Male) |
| 30:24 | Build | Town Center |
| 30:36 | Research | Bodkin Arrow |
Build order — Shaba7
First 150 of 442 actions detected
| 0:04 | Create | Villager (Male) |
| 0:04 | Create | Villager (Male) |
| 0:04 | Create | Villager (Male) |
| 0:05 | Create | Villager (Male) |
| 0:06 | Build | House |
| 0:07 | Build | House |
| 1:27 | Create | Villager (Male) |
| 1:53 | Create | Villager (Male) |
| 1:54 | Create | Villager (Male) |
| 2:23 | Create | Villager (Male) |
| 2:23 | Create | Villager (Male) |
| 2:39 | Create | Villager (Male) |
| 3:14 | Create | Villager (Male) |
| 3:14 | Create | Villager (Male) |
| 3:46 | Build | Mill |
| 3:49 | Create | Villager (Male) |
| 3:49 | Create | Villager (Male) |
| 3:52 | Build | House |
| 4:14 | Create | Villager (Male) |
| 4:54 | Create | Villager (Male) |
| 5:09 | Create | Villager (Male) |
| 5:35 | Create | Villager (Male) |
| 5:53 | Create | Villager (Male) |
| 5:53 | Create | Villager (Male) |
| 6:13 | Build | House |
| 6:18 | Create | Villager (Male) |
| 6:51 | Create | Villager (Male) ×2 |
| 7:16 | Build | Lumber Camp |
| 7:37 | Build | Mining Camp |
| 7:56 | Create | Villager (Male) |
| 7:56 | Create | Villager (Male) |
| 8:22 | Build | House |
| 8:28 | Create | Villager (Male) |
| 8:28 | Create | Villager (Male) |
| 9:42 | Research | Feudal Age |
| 10:30 | Create | Villager (Male) |
| 10:30 | Create | Villager (Male) |
| 12:04 | Age | Feudal Age |
| 12:06 | Build | Mining Camp |
| 12:21 | Research | Double-Bit Axe |
| 12:50 | Build | Farm |
| 13:01 | Build | Lumber Camp |
| 13:04 | Create | Villager (Male) |
| 13:04 | Research | Loom |
| 13:07 | Create | Villager (Male) |
| 13:07 | Create | Villager (Male) |
| 13:13 | Build | Farm |
| 13:14 | Build | Farm |
| 13:17 | Build | Farm |
| 13:20 | Build | Farm |
| 13:34 | Build | House |
| 13:38 | Build | House |
| 14:34 | Build | Farm |
| 14:42 | Build | Farm |
| 14:46 | Build | Farm |
| 15:03 | Build | Outpost |
| 15:16 | Build | Farm |
| 15:18 | Create | Villager (Male) |
| 15:19 | Create | Villager (Male) |
| 15:19 | Create | Villager (Male) |
| 15:22 | Create | Villager (Male) |
| 15:22 | Create | Villager (Male) |
| 15:50 | Build | Outpost |
| 16:08 | Build | Farm |
| 16:11 | Build | Farm |
| 16:17 | Build | Outpost |
| 16:24 | Create | Villager (Male) |
| 16:25 | Create | Villager (Male) |
| 16:25 | Create | Villager (Male) |
| 16:28 | Build | Mining Camp |
| 16:36 | Build | Farm |
| 16:44 | Build | Farm |
| 17:17 | Build | Outpost |
| 17:30 | Create | Villager (Male) |
| 17:31 | Create | Villager (Male) |
| 17:38 | Build | Farm |
| 17:44 | Build | Blacksmith |
| 18:09 | Build | Farm |
| 18:15 | Build | House |
| 18:23 | Build | Outpost |
| 18:35 | Build | Farm |
| 18:42 | Research | Horse Collar |
| 19:02 | Build | Barracks |
| 19:06 | Build | House |
| 19:13 | Build | Mill |
| 19:18 | Build | House |
| 19:19 | Build | House |
| 19:21 | Build | House |
| 20:02 | Build | Mining Camp |
| 20:18 | Build | Archery Range |
| 20:25 | Build | Farm |
| 20:29 | Build | Farm |
| 20:40 | Build | House |
| 21:14 | Build | Lumber Camp |
| 21:19 | Research | Castle Age |
| 21:26 | Create | Skirmisher |
| 21:26 | Create | Skirmisher |
| 21:26 | Create | Skirmisher |
| 21:27 | Create | Skirmisher |
| 21:27 | Create | Skirmisher |
| 21:27 | Create | Skirmisher |
| 21:27 | Create | Skirmisher |
| 21:38 | Build | Barracks |
| 21:47 | Build | House |
| 21:48 | Build | House |
| 21:49 | Create | Spearman |
| 21:49 | Create | Spearman |
| 21:50 | Create | Spearman |
| 21:50 | Create | Spearman |
| 21:57 | Build | House |
| 22:09 | Research | Gold Mining |
| 22:43 | Build | Barracks |
| 23:10 | Build | House |
| 23:11 | Build | House |
| 23:29 | Create | Spearman |
| 23:29 | Create | Spearman |
| 23:30 | Create | Spearman |
| 23:30 | Create | Spearman |
| 23:31 | Create | Spearman |
| 23:31 | Create | Spearman |
| 23:32 | Create | Spearman |
| 23:32 | Create | Spearman |
| 23:43 | Create | Villager (Male) |
| 23:43 | Create | Villager (Male) |
| 23:43 | Create | Villager (Male) |
| 23:44 | Create | Villager (Male) |
| 23:59 | Age | Castle Age |
| 24:03 | Build | Town Center |
| 24:07 | Create | Villager (Male) |
| 24:07 | Create | Villager (Male) |
| 24:11 | Build | House |
| 24:12 | Build | House |
| 24:15 | Research | Squires |
| 24:21 | Research | Pikeman (upgrade) |
| 24:38 | Build | Barracks |
| 25:03 | Build | Farm |
| 25:05 | Build | Farm |
| 25:08 | Research | Bow Saw |
| 25:09 | Create | Villager (Male) |
| 25:10 | Create | Villager (Male) |
| 25:10 | Create | Villager (Male) |
| 25:10 | Create | Villager (Male) |
| 25:11 | Create | Villager (Male) |
| 25:23 | Create | Villager (Male) |
| 25:24 | Create | Villager (Male) |
| 25:33 | Create | Villager (Male) |
| 25:33 | Create | Villager (Male) |
| 25:45 | Build | Farm |
| 26:05 | Research | Man-at-Arms (upgrade) |
| 26:07 | Create | Militia ×5 |
Build order — Ahnta
First 150 of 263 actions detected
| 0:14 | Build | House |
| 0:16 | Build | House |
| 0:55 | Create | Villager (Male) |
| 0:55 | Create | Villager (Male) |
| 0:55 | Create | Villager (Male) |
| 0:56 | Create | Villager (Male) |
| 0:56 | Create | Villager (Male) |
| 2:00 | Create | Villager (Male) |
| 2:00 | Create | Villager (Male) |
| 2:47 | Create | Villager (Male) |
| 2:47 | Create | Villager (Male) |
| 2:47 | Create | Villager (Male) |
| 3:10 | Create | Villager (Male) |
| 3:10 | Create | Villager (Male) |
| 3:39 | Create | Villager (Male) |
| 3:54 | Build | Lumber Camp |
| 4:02 | Create | Villager (Male) |
| 4:02 | Create | Villager (Male) |
| 4:13 | Build | Mill |
| 4:52 | Create | Villager (Male) |
| 4:52 | Create | Villager (Male) |
| 4:52 | Create | Villager (Male) |
| 5:02 | Build | House |
| 5:10 | Create | Villager (Male) |
| 5:10 | Create | Villager (Male) |
| 5:43 | Create | Villager (Male) |
| 5:44 | Create | Villager (Male) |
| 6:14 | Create | Villager (Male) |
| 6:22 | Build | House |
| 6:25 | Build | House |
| 6:26 | Build | House |
| 7:13 | Build | Farm |
| 7:29 | Create | Villager (Male) |
| 7:47 | Create | Villager (Male) |
| 7:48 | Create | Villager (Male) |
| 7:48 | Create | Villager (Male) |
| 7:48 | Create | Villager (Male) |
| 7:49 | Create | Villager (Male) |
| 7:57 | Build | Farm |
| 8:22 | Build | Farm |
| 8:43 | Build | Farm |
| 8:48 | Build | Farm |
| 8:55 | Create | Villager (Male) |
| 8:56 | Create | Villager (Male) |
| 8:56 | Create | Villager (Male) |
| 9:13 | Build | Farm |
| 9:40 | Build | Farm |
| 10:04 | Build | Farm |
| 10:33 | Build | Barracks |
| 10:53 | Build | Farm |
| 11:00 | Build | Mining Camp |
| 11:05 | Research | Feudal Age |
| 11:16 | Build | House |
| 11:18 | Build | House |
| 11:19 | Build | House |
| 11:38 | Create | Militia |
| 12:03 | Build | Mining Camp |
| 12:25 | Build | House |
| 12:26 | Build | House |
| 12:29 | Build | House |
| 12:49 | Create | Villager (Male) |
| 12:49 | Create | Villager (Male) |
| 12:50 | Create | Villager (Male) |
| 12:50 | Create | Villager (Male) |
| 12:51 | Create | Villager (Male) |
| 13:15 | Age | Feudal Age |
| 13:20 | Research | Horse Collar |
| 13:24 | Research | Double-Bit Axe |
| 13:41 | Research | Man-at-Arms (upgrade) |
| 13:46 | Build | Farm |
| 14:30 | Build | Watch Tower |
| 14:56 | Build | Market |
| 15:02 | Create | Villager (Male) |
| 15:03 | Create | Villager (Male) |
| 15:03 | Create | Villager (Male) |
| 15:54 | Build | Blacksmith |
| 15:59 | Create | Villager (Male) |
| 16:00 | Create | Villager (Male) |
| 16:00 | Create | Villager (Male) |
| 16:01 | Create | Villager (Male) |
| 16:16 | Research | Gold Mining |
| 16:37 | Build | Farm |
| 16:51 | Build | Mill |
| 17:06 | Build | Farm |
| 17:11 | Build | Farm |
| 17:33 | Build | Archery Range |
| 17:50 | Build | Farm |
| 17:57 | Build | Farm |
| 18:00 | Create | Villager (Male) |
| 18:01 | Create | Villager (Male) |
| 18:02 | Create | Villager (Male) |
| 18:15 | Create | Spearman |
| 18:16 | Create | Spearman |
| 18:39 | Build | Farm |
| 18:59 | Build | Farm |
| 19:27 | Build | Mining Camp |
| 19:41 | Build | Farm |
| 19:43 | Build | Farm |
| 19:54 | Research | Castle Age |
| 20:01 | Research | Stone Mining |
| 20:53 | Create | Spearman |
| 20:54 | Create | Spearman |
| 20:55 | Create | Spearman |
| 21:03 | Create | Skirmisher |
| 21:04 | Create | Skirmisher |
| 21:40 | Create | Archer |
| 21:41 | Create | Archer |
| 21:42 | Create | Archer |
| 21:42 | Create | Archer |
| 22:34 | Age | Castle Age |
| 23:04 | Create | Archer |
| 23:05 | Create | Archer |
| 23:05 | Create | Archer |
| 23:21 | Create | Villager (Male) |
| 23:21 | Create | Villager (Male) |
| 23:22 | Create | Villager (Male) |
| 23:22 | Create | Villager (Male) |
| 23:22 | Create | Villager (Male) |
| 23:23 | Create | Villager (Male) |
| 23:45 | Build | Castle |
| 25:44 | Research | Pikeman (upgrade) |
| 26:02 | Build | Barracks |
| 26:05 | Build | Barracks |
| 26:37 | Create | Spearman |
| 26:37 | Create | Spearman |
| 26:38 | Create | Spearman |
| 26:38 | Create | Spearman |
| 26:56 | Build | Barracks |
| 27:00 | Create | Spearman |
| 27:01 | Create | Spearman |
| 27:01 | Create | Spearman |
| 27:02 | Create | Spearman |
| 27:02 | Create | Spearman |
| 27:03 | Create | Spearman |
| 27:03 | Create | Spearman |
| 27:27 | Build | Barracks |
| 27:32 | Create | Spearman |
| 27:33 | Create | Spearman |
| 27:48 | Create | Spearman |
| 27:48 | Create | Spearman |
| 27:48 | Create | Spearman |
| 27:49 | Create | Spearman |
| 27:49 | Create | Spearman |
| 27:49 | Create | Spearman |
| 27:49 | Create | Spearman |
| 27:50 | Create | Spearman |
| 27:50 | Create | Spearman |
| 27:50 | Create | Spearman |
| 27:50 | Create | Spearman |
| 27:51 | Create | Spearman |
Build order — Espartano99
First 150 of 347 actions detected
| 0:02 | Create | Villager (Male) |
| 0:03 | Create | Villager (Male) |
| 0:03 | Create | Villager (Male) |
| 0:06 | Build | House |
| 0:08 | Build | House |
| 0:27 | Create | Villager (Male) |
| 0:27 | Create | Villager (Male) |
| 1:29 | Create | Villager (Male) |
| 1:29 | Create | Villager (Male) |
| 2:16 | Create | Villager (Male) |
| 2:17 | Create | Villager (Male) |
| 2:17 | Create | Villager (Male) |
| 2:54 | Create | Villager (Male) |
| 3:11 | Create | Villager (Male) |
| 4:22 | Create | Villager (Male) |
| 4:22 | Create | Villager (Male) |
| 4:23 | Create | Villager (Male) |
| 4:34 | Create | Villager (Male) |
| 4:34 | Create | Villager (Male) |
| 5:55 | Create | Villager (Male) |
| 5:58 | Create | Villager (Male) |
| 5:58 | Create | Villager (Male) |
| 5:59 | Create | Villager (Male) |
| 6:23 | Create | Villager (Male) |
| 7:07 | Create | Villager (Male) |
| 7:12 | Build | Settlement |
| 7:21 | Create | Villager (Male) |
| 7:47 | Build | Settlement |
| 8:28 | Create | Villager (Male) |
| 8:52 | Create | Villager (Male) |
| 8:58 | Research | Feudal Age |
| 10:00 | Build | Farm |
| 10:10 | Build | Farm |
| 10:17 | Build | Farm |
| 10:20 | Build | Farm |
| 10:27 | Build | Farm |
| 10:31 | Build | Farm |
| 10:34 | Build | Farm |
| 10:37 | Build | Farm |
| 10:42 | Build | Farm |
| 11:25 | Age | Feudal Age |
| 11:27 | Build | Outpost |
| 11:29 | Create | Villager (Male) |
| 11:41 | Build | House |
| 11:57 | Create | Villager (Male) |
| 12:15 | Build | Blacksmith |
| 12:30 | Create | Villager (Male) |
| 12:44 | Create | Villager (Male) |
| 13:04 | Build | Outpost |
| 13:06 | Create | Villager (Male) |
| 13:18 | Create | Villager (Male) |
| 14:01 | Create | Villager (Male) |
| 14:08 | Build | Market |
| 14:12 | Create | Villager (Male) |
| 14:22 | Build | Farm |
| 14:25 | Build | Farm |
| 14:32 | Build | Farm |
| 14:37 | Build | Farm |
| 14:43 | Create | Villager (Male) |
| 15:07 | Create | Villager (Male) |
| 15:19 | Research | Castle Age |
| 15:46 | Build | Settlement |
| 16:27 | Research | Double-Bit Axe |
| 16:42 | Research | Town Watch |
| 16:43 | Research | Loom |
| 17:15 | Create | Villager (Male) |
| 18:05 | Age | Castle Age |
| 18:12 | Create | Villager (Male) |
| 18:57 | Build | Town Center |
| 19:22 | Build | Town Center |
| 19:25 | Create | Villager (Male) |
| 20:10 | Create | Villager (Male) |
| 20:32 | Create | Villager (Male) |
| 20:50 | Create | Villager (Male) |
| 21:19 | Create | Villager (Male) |
| 21:27 | Create | Villager (Male) |
| 21:49 | Create | Villager (Male) |
| 21:55 | Create | Villager (Male) |
| 21:56 | Create | Villager (Male) |
| 22:06 | Build | Castle |
| 22:33 | Create | Villager (Male) |
| 22:34 | Create | Villager (Male) |
| 22:35 | Create | Villager (Male) |
| 22:35 | Create | Villager (Male) |
| 22:43 | Build | Farm |
| 22:46 | Build | Farm |
| 22:49 | Build | Farm |
| 22:55 | Create | Villager (Male) |
| 23:15 | Build | Outpost |
| 23:16 | Create | Villager (Male) |
| 23:17 | Create | Villager (Male) |
| 23:18 | Create | Villager (Male) |
| 23:28 | Build | Monastery |
| 23:35 | Build | House |
| 23:37 | Build | House |
| 23:54 | Build | Farm |
| 24:02 | Build | Farm |
| 24:05 | Build | Farm |
| 24:11 | Build | Settlement |
| 24:14 | Build | Farm |
| 24:21 | Create | Villager (Male) |
| 24:22 | Create | Villager (Male) |
| 24:23 | Create | Villager (Male) |
| 24:26 | Create | Monk |
| 24:49 | Create | Villager (Male) |
| 24:51 | Create | Kamayuk |
| 25:03 | Create | Villager (Male) |
| 25:03 | Create | Villager (Male) |
| 25:04 | Create | Villager (Male) |
| 25:06 | Create | Kamayuk |
| 25:11 | Research | Forging |
| 25:11 | Research | Scale Mail Armor |
| 25:15 | Create | Villager (Male) |
| 25:16 | Create | Villager (Male) |
| 25:17 | Create | Villager (Male) |
| 25:19 | Create | Kamayuk |
| 25:30 | Create | Villager (Male) |
| 25:31 | Create | Villager (Male) |
| 25:31 | Create | Villager (Male) |
| 25:33 | Create | Kamayuk |
| 25:44 | Create | Villager (Male) |
| 25:44 | Create | Villager (Male) |
| 25:45 | Create | Villager (Male) |
| 25:47 | Create | Kamayuk |
| 25:55 | Build | Farm |
| 26:02 | Build | Farm |
| 26:10 | Build | Farm |
| 26:13 | Build | Farm |
| 26:17 | Build | Farm |
| 26:20 | Build | Farm |
| 26:23 | Create | Kamayuk |
| 26:28 | Research | Iron Casting |
| 26:29 | Create | Villager (Male) |
| 26:29 | Create | Villager (Male) |
| 26:30 | Create | Villager (Male) |
| 26:47 | Build | Outpost |
| 26:50 | Create | Villager (Male) |
| 26:51 | Create | Villager (Male) |
| 26:51 | Create | Villager (Male) |
| 26:52 | Create | Villager (Male) |
| 26:53 | Create | Kamayuk |
| 27:06 | Create | Villager (Male) |
| 27:07 | Create | Villager (Male) |
| 27:07 | Create | Villager (Male) |
| 27:09 | Create | Kamayuk |
| 27:14 | Research | Chain Mail Armor |
| 27:30 | Build | Castle |
| 27:40 | Create | Villager (Male) |
| 27:40 | Create | Villager (Male) |
| 27:41 | Create | Villager (Male) |
Match timeline
| 10:30 | l.marcelocamargo · first_building Barracks |
| 10:33 | Ahnta · first_building Barracks |
| 11:25 | Espartano99 · age_up feudal |
| 11:38 | Winnie The Pooh · age_up feudal |
| 11:59 | l.marcelocamargo · age_up feudal |
| 12:04 | Shaba7 · age_up feudal |
| 12:07 | Winnie The Pooh · first_building Barracks |
| 13:15 | Ahnta · age_up feudal |
| 13:17 | dmessruther · age_up feudal |
| 14:46 | Admiral Electra · first_market_buy 500 food |
| 14:47 | Admiral Electra · first_market_sell 500 wood |
| 14:59 | Winnie The Pooh · first_building Stable |
| 16:32 | Ahnta · first_market_buy 100 wood |
| 17:20 | dmessruther · age_up castle |
| 17:33 | Ahnta · first_building Archery Range |
| 18:05 | Espartano99 · age_up castle |
| 18:14 | l.marcelocamargo · first_building Stable |
| 18:51 | Winnie The Pooh · first_building Archery Range |
| 19:02 | Shaba7 · first_building Barracks |
| 19:27 | l.marcelocamargo · first_building Archery Range |
| 19:43 | l.marcelocamargo · age_up castle |
| 20:18 | Shaba7 · first_building Archery Range |
| 21:18 | Winnie The Pooh · age_up castle |
| 22:06 | Espartano99 · first_building Castle |
| 22:13 | Winnie The Pooh · first_building Castle |
| 22:34 | Ahnta · age_up castle |
| 23:28 | Espartano99 · first_building Monastery |
| 23:45 | Ahnta · first_building Castle |
| 23:52 | Admiral Electra · first_building Monastery |
| 23:59 | Shaba7 · age_up castle |
| 24:35 | Elbarbas4258 · first_building Castle |
| 25:18 | dmessruther · first_building Monastery |
| 26:57 | l.marcelocamargo · first_building Siege Workshop |
| 27:09 | l.marcelocamargo · first_building Castle |
| 27:18 | Elbarbas4258 · first_building Barracks |
| 27:40 | Ahnta · first_market_sell 100 food |
| 28:52 | Shaba7 · first_building Monastery |
| 29:26 | Elbarbas4258 · first_building Siege Workshop |
| 29:28 | Winnie The Pooh · first_building Siege Workshop |
| 29:39 | Admiral Electra · first_building Barracks |
| 29:40 | dmessruther · first_building Castle |
| 30:16 | Admiral Electra · first_building Castle |
| 30:20 | Ahnta · first_building Siege Workshop |
| 30:25 | dmessruther · age_up imperial |
| 30:51 | Admiral Electra · first_building Stable |
| 33:06 | Elbarbas4258 · first_building Archery Range |
| 33:32 | dmessruther · first_market_sell 500 wood |
| 34:46 | Espartano99 · age_up imperial |
| 36:06 | dmessruther · first_building Barracks |
| 36:14 | Shaba7 · first_building Castle |
| 36:17 | Winnie The Pooh · age_up imperial |
| 37:32 | dmessruther · first_building Stable |
| 38:44 | Shaba7 · age_up imperial |
| 39:38 | dmessruther · first_building Siege Workshop |
| 39:51 | l.marcelocamargo · tribute_sent a jugador 1 |
| 39:51 | l.marcelocamargo · tribute_sent a jugador 2 |
| 39:51 | l.marcelocamargo · tribute_sent a jugador 3 |
| 39:51 | l.marcelocamargo · tribute_sent a jugador 5 |
| 39:51 | l.marcelocamargo · tribute_sent a jugador 6 |
| 39:51 | l.marcelocamargo · tribute_sent a jugador 7 |
| 39:51 | l.marcelocamargo · tribute_sent a jugador 8 |
| 41:19 | dmessruther · wall_segment Stone Wall x12 |
| 43:36 | Espartano99 · first_building Siege Workshop |
| 44:21 | dmessruther · wall_segment Stone Wall x1 |
| 46:06 | Elbarbas4258 · first_building Monastery |
| 46:45 | l.marcelocamargo · age_up imperial |
| 49:05 | Admiral Electra · resign |
[ AI ANALYSIS · 1 CREDIT ]
What really happened in this match?
Wolo.gg analyzes every decision: build order, eco, micro, common mistakes by bracket. Personalized analysis on WhatsApp or Discord in 30 seconds.
Civ guide
Burgundians
Perfil
Jugador #12200040